nht, chaotic female elven Wizard --- .| |I| |@| |H| |.| |.| |.| | nht the Thaumaturge Experience level: 7 Strength: 9 Dexterity: 12 Constitution: 14 Intelligence: 20 Wisdom: 13 Charisma: 8 Health: 0(45) Energy: 30(97) Def: 1 Gold: 38 Moves: 1975 Dungeon seed: kPyc3lpqGISRHYH7 Game ID: nht_1433405782 Your Inventory: Coins $ - 38 gold pieces Weapons a - a blessed +1 quarterstaff Armor e - an uncursed +0 cloak of magic resistance (being worn) C - a cursed -2 Hawaiian shirt F - an uncursed +0 cloak of protection Potions f - a potion of holy water g - an uncursed potion of water h - 2 uncursed potions of water Rings c - an uncursed ring of regeneration (on left hand) d - an uncursed +1 ring of gain constitution Wands Z - a wand of probing (0:6) Tools b - an uncursed bag of holding i - an uncursed magic lamp (lit) n - an uncursed lock pick o - a magic marker (0:26) p - an uncursed wooden flute t - an uncursed blindfold v - an uncursed skeleton key x - a +0 pick-axe (weapon in hand) B - a fire horn (0:4) D - an uncursed magic lamp E - an uncursed magic whistle G - an uncursed magic lamp J - an uncursed bag of holding named empty Q - an uncursed magic whistle U - an uncursed skeleton key V - an uncursed wax candle (0:400) X - 9 uncursed tallow candles (0:200) Gems z - an uncursed worthless piece of orange glass K - an uncursed flint stone Y - an uncursed worthless piece of green glass Contents of the bag of holding: 3 uncursed food rations an uncursed melon 2 uncursed scrolls of blank paper an uncursed scroll of confuse monster an uncursed scroll of create monster 2 uncursed scrolls of destroy armor 2 uncursed scrolls of enchant weapon a blessed scroll of food detection 3 uncursed scrolls of identify 2 uncursed scrolls of magic mapping an uncursed scroll of remove curse a cursed scroll of remove curse an uncursed scroll of teleportation a blessed spellbook of blank paper an uncursed potion of hallucination an uncursed potion of levitation 2 uncursed potions of object detection a cursed potion of object detection an uncursed potion of paralysis an uncursed potion of speed a wand of magic missile (0:0) a wand of striking (0:2) a magic marker (0:52) a magic marker (0:31) a magic marker (0:31) an uncursed worthless piece of red glass 2 uncursed worthless pieces of violet glass an uncursed worthless piece of white glass Spells known in the end: Name Level Category Fail Memory a - force bolt 1 attack 0% 91% b - magic missile 2 attack 0% 91% c - wizard lock 2 matter 29% 91% d - detect monsters 1 divination 0% 91% e - detect food 2 divination 29% 96% f - cure sickness 3 healing 63% 96% Your skills at the end: Fighting Skills Weapon Skills quarterstaff [Basic] Spellcasting Skills attack spells [Basic] enchantment spells [Basic] Final Attributes: You were piously aligned. You were sleep resistant. You were magic-protected. You had infravision. You regenerated. You are dead. Vanquished creatures: a small mimic a tengu a mountain nymph 2 giant spiders a gnome king 2 human zombies 2 bugbears a rock piercer 3 gnome lords a gnomish wizard 8 dwarves 3 dwarf zombies 6 hobgoblins 3 giant rats 19 gnomes 9 Keystone Kops 3 jackals a kobold 2 goblins a grid bug 4 newts 74 creatures vanquished. Voluntary challenges: You used a wielded weapon 103 times, starting on turn 31. You read items or engraved 33 times, starting on turn 5. You never genocided any monsters. You never polymorphed an object. You never changed form. You used no wishes. You never split a pudding. You wrote Elbereth's name 15 times, starting on turn 974. You never violated your personal moral code. You disabled loading bones files. Dungeon overview: The Dungeons of Doom: levels 1 to 26 Level 1 a fountain a long staircase Level 2 Level 3 stairs to The Gnomish Mines Level 4 Level 5 Level 6 Level 7 an altar to Anhur Level 8 (chauns) Level 9 Level 10 (chauns) Level 11 (bees) Level 12 a hardware shop Level 13 Level 14 Level 15 (rax) Level 16 Level 17 Level 18 Level 19 (throne) Level 20 (rax) Level 21 (bees) Level 22 a general store Level 23 Level 24 Level 25 Level 26 <- You were here The Gnomish Mines: levels 4 to 6 Level 4 stairs to The Dungeons of Doom Level 5 Level 6 many shops, a temple to Ptah, some fountains History has recorded: On T:1 you entered the Dungeons of Doom to retrieve the Amulet of Yendor! On T:40 you reached level 2 of The Dungeons of Doom. On T:172 you reached level 3 of The Dungeons of Doom. On T:212 you reached level 1 of The Gnomish Mines. On T:225 you advanced to experience level 2. On T:322 you advanced to experience level 3. On T:341 you advanced to experience level 4. On T:369 you reached level 2 of The Gnomish Mines. On T:534 you reached level 3 of The Gnomish Mines. On T:640 you advanced to experience level 5. On T:886 you reached level 4 of The Dungeons of Doom. On T:917 you reached level 5 of The Dungeons of Doom. On T:982 you reached level 6 of The Dungeons of Doom. On T:994 you reached level 7 of The Dungeons of Doom. On T:1035 you advanced to experience level 6. On T:1079 you reached level 8 of The Dungeons of Doom. On T:1189 you reached level 9 of The Dungeons of Doom. On T:1218 you reached level 10 of The Dungeons of Doom. On T:1241 you reached level 11 of The Dungeons of Doom. On T:1304 you reached level 12 of The Dungeons of Doom. On T:1528 you reached level 13 of The Dungeons of Doom. On T:1556 you reached level 14 of The Dungeons of Doom. On T:1579 you reached level 15 of The Dungeons of Doom. On T:1603 you reached level 16 of The Dungeons of Doom. On T:1626 you reached level 17 of The Dungeons of Doom. On T:1648 you reached level 18 of The Dungeons of Doom. On T:1685 you reached level 19 of The Dungeons of Doom. On T:1709 you reached level 20 of The Dungeons of Doom. On T:1718 you reached level 21 of The Dungeons of Doom. On T:1754 you reached level 22 of The Dungeons of Doom. On T:1764 you advanced to experience level 7. On T:1813 you reached level 23 of The Dungeons of Doom. On T:1921 you reached level 24 of The Dungeons of Doom. On T:1945 you reached level 25 of The Dungeons of Doom. On T:1970 you reached The Castle. Score breakdown: Gold: 38 ( 5412 points) Experience: 7 levels (13645 points) Exploration: 26 levels ( 56.52%) (22360 points) Discoveries: 18 items ( 6.50%) ( 7647 points) Valuables value: (no points given unless you survive) Artifact value: 0 ( 0 points) Variety of kills: 21 monsters ( 5.54%) ( 7061 points) Time penalty: 1975 turns ( 0 points) Survival: died (score multiplied by 80%) Total score: 44900 Latest messages: You have a little trouble removing h - 2 uncursed diluted potions of extra healing. Your movements are slowed slightly because of your load. Wait! There's something there you can't see! The minotaur hits! (2x) You die... Final status: Goodbye nht the Wizard, killed by a minotaur... You died in The Dungeons of Doom on dungeon level 26 with 44900 points, and 38 pieces of gold, after 1975 moves. You were level 7 with a maximum of 45 hit points when you died.